Oof, lawful male human Samurai ---- . |..---- ..--- --. |...|.--- -.).--- -----... --......| --- --- |-....----.--....- |-.....---.----.---- |.......|....).@.| --.......*.........|.. --............G--- |.............^.......| --..%......)...| |....................----............. ----......--.---......|.......... |......---- |................. --......| --.........)...... |......| |......)%..[..... --......| --......%%[..--- |.......| ----...%.)..| |...^.--- --....--..| |.....| |.....| - --^.--- ---...--- |...| --....| --..| ---..| ---- ---- Oof the Ninja Experience level: 6 Strength: 9 Dexterity: 18 Constitution: 18 Intelligence: 10 Wisdom: 9 Charisma: 8 Health: 0(67) Energy: 20(20) Def: 7 Gold: 47 Moves: 2405 Dungeon seed: x9kJXUPAJg4aNRpq Game ID: Oof_1616674376 Your Inventory: Coins $ - 47 gold pieces Weapons a - a blessed +0 katana (weapon in hand) b - a +0 wakizashi d - 27 blessed +0 ya (in quiver) k - 10 +0 darts Armor e - an uncursed rustproof +0 splint mail (being worn) q - an uncursed +0 orcish helm (being worn) Comestibles i - an uncursed gunyoki Potions l - a cursed potion of confusion Wands o - a wand of magic missile (0:3) Tools f - an uncursed blindfold s - an uncursed credit card t - an uncursed tin whistle w - 5 uncursed partly used tallow candles (0:21) y - an uncursed skeleton key B - a +0 unicorn horn Gems r - an uncursed fluorite stone Spells and supernatural/magical abilities: Name Level Category Fail Memory W - pray for help -- divine ? -- Your skills at the end: Fighting Skills martial arts [Basic] Weapon Skills short sword [Basic] long sword [Basic] bow [Basic] Spellcasting Skills Final Attributes: You were piously aligned. You were fast. You are dead. Vanquished creatures: a giant mimic a gnome king a gray unicorn 6 gnome lords 3 gnomish wizards a ghoul a floating eye a kitten 2 dwarves a gas spore 2 giant rats a cave spider 2 yellow molds 26 gnomes 2 gnome zombies 2 geckos 9 jackals 3 foxes 2 kobolds 4 goblins 2 sewer rats 3 grid bugs a lichen 2 newts 79 creatures vanquished. Voluntary challenges: You used a wielded weapon 144 times, starting on turn 14. You read items or engraved 1 time, starting on turn 788. You never genocided any monsters. You never polymorphed an object. You never changed form. You used no wishes. You never split a pudding. You never wrote Elbereth's name. You never violated your personal moral code. Dungeon overview: The Dungeons of Doom: levels 1 to 2 Level 1 a fountain a long staircase Level 2 a fountain stairs to The Gnomish Mines The Gnomish Mines: levels 3 to 6 Level 3 stairs to The Dungeons of Doom Level 4 Level 5 many shops, a temple to Amaterasu Omikami, some fountains Level 6 <- You were here History has recorded: On T:1 you entered the Dungeons of Doom to retrieve the Amulet of Yendor! On T:124 you advanced to experience level 2. On T:510 you advanced to experience level 3. On T:586 you reached level 2 of The Dungeons of Doom. On T:974 you advanced to experience level 4. On T:997 you reached level 1 of The Gnomish Mines. On T:1169 you advanced to experience level 5. On T:1385 you reached level 2 of The Gnomish Mines. On T:1598 you reached level 3 of The Gnomish Mines. On T:1625 you advanced to experience level 6. On T:1962 you reached level 4 of The Gnomish Mines. Score breakdown: Gold: 47 ( 5719 points) Experience: 6 levels (12456 points) Exploration: 6 levels ( 12.00%) ( 9583 points) Discoveries: 13 items ( 5.28%) ( 6896 points) Valuables value: (no points given unless you survive) Artifact value: 0 ( 0 points) Variety of kills: 24 monsters ( 6.30%) ( 7529 points) Turncount: 2405 turns ( -273 points) Survival: died (score multiplied by 80%) Total score: 33528 Latest messages: C - a gray unicorn corpse. You can barely move a handspan with this load! The air crackles around the gnomish wizard. Your load is too heavy to climb the stairs. The gnomish wizard points at you, then curses. (6x) You drop a blessed +0 yumi. The gnomish wizard points at you, then curses. The gnomish wizard casts a spell at you! Your brain is on fire! The gnomish wizard points at you, then curses. (2x) You drop a gray unicorn corpse. Your movements are now unencumbered. The gnomish wizard points at you, then curses. You hit the gnomish wizard. The gnomish wizard points all around, then curses. The gnomish wizard points at you, then curses. You miss the gnomish wizard. The gnomish wizard points at you, then curses. You hit the gnomish wizard. The gnomish wizard points all around, then curses. You miss the gnomish wizard. The gnomish wizard casts a spell at you! Your brain is on fire! You die... Final status: Sayonara Oof the Samurai, killed by a gnomish wizard... You died in The Gnomish Mines on dungeon level 6 with 33528 points, and 47 pieces of gold, after 2405 moves. You were level 6 with a maximum of 67 hit points when you died.